 Dungeon Crawl Stone Soup version 0.24.0-28-g17ded55e90 (webtiles) character file.

Game seed: 14014333884630426479, levelgen mode: deterministic

604 Delamore the Cleaver (level 7, -5/57 HPs)
             Began as a Hill Orc Fighter on Nov 11, 2019.
             Slain by an ice beast (9 damage)
             ... on level 4 of the Dungeon.
             The game lasted 00:05:16 (3731 turns).

Delamore the Cleaver (Hill Orc Fighter)             Turns: 3731, Time: 00:05:17

Health: -5/57      AC:  9    Str: 21    XL:     7   Next: 42%
Magic:  7/7        EV:  7    Int: 10    God:
Gold:   268        SH:  9    Dex: 10    Spells: 6/6 levels left

rFire    . . .     SeeInvis +   a - +0 war axe
rCold    . . .     Gourm    .   c - +0 shield
rNeg     . . .     Faith    .   b - +0 scale mail
rPois    .         Spirit   .   (no helmet)
rElec    .         Reflect  .   (no cloak)
rCorr    .         Harm     .   u - +0 pair of gloves
MR       .....                  s - +0 pair of boots
Stlth    ..........             y - amulet of regeneration
HPRegen  0.59/turn              n - +2 ring of intelligence
MPRegen  0.10/turn              t - ring of see invisible

@: flying
A: no striking features
a: no special abilities


You were on level 4 of the Dungeon.
You were hungry.

You visited 1 branch of the dungeon, and saw 5 of its levels.

You collected 268 gold pieces.

Inventory:

Hand Weapons
 a - a +0 war axe (weapon)
Missiles
 k - a throwing net (quivered)
Armour
 b - a +0 scale mail (worn)
 c - a +0 shield (worn)
 s - a +0 pair of boots (worn)
 u - a +0 pair of gloves (worn)
Jewellery
 n - a +2 ring of intelligence (left hand)
 t - a ring of see invisible (right hand)
 y - an amulet of regeneration (around neck)
Scrolls
 e - 2 scrolls of fear {unknown}
 h - 5 scrolls of teleportation
 i - a scroll of blinking {unknown}
 o - a scroll of enchant weapon {unknown}
 p - 2 scrolls of identify
 v - 3 scrolls of remove curse
 w - a scroll of noise {unknown}
 x - a scroll of magic mapping
 z - a scroll of amnesia {unknown}
 A - a scroll of fog {unknown}
Potions
 d - 2 potions of might
 g - a potion of curing
 j - a potion of mutation {unknown}
 l - 3 potions of haste
 m - a potion of agility {unknown}
 q - a potion of degeneration {unknown}
 r - a potion of flight
 B - a potion of berserk rage {unknown}
 D - 2 potions of cancellation {unknown}
Comestibles
 f - 8 rations
 C - 5 chunks of flesh


   Skills:
 - Level 3.6 Fighting
 + Level 10.4 Axes
 - Level 3.2 Armour
 - Level 3.2 Shields


You had 6 spell levels left.
You didn't know any spells.
Your spell library was empty.

Dungeon Overview and Level Annotations

Branches:
Dungeon (5/15)
 Temple: D:4-7

Altars:
Ashenzari
Cheibriados
Okawaru
Zin
The Shining One


Message History

You are too injured to fight recklessly!
You are too injured to fight recklessly!
You aren't carrying any items that you can evoke.
You are feeling hungry.
There is a stone staircase leading up here.
You block the ice beast's attack.
You climb upwards.
There is a stone staircase leading down here.
You hit the ice beast but do no damage.
The ice beast is moderately wounded.
The ice beast hits you.
* * * LOW HITPOINT WARNING * * *
The ice beast freezes you!
* * * LOW HITPOINT WARNING * * *
It was a potion of flight.
You feel very buoyant.
You fly up into the air.
The ice beast hits you.
* * * LOW HITPOINT WARNING * * *
The ice beast freezes you!
You die...

....# #.# ##.#
.)..# #.# #.#
....# #.# #.#
.#### #.# #.##
.# #.# #..# .#
#.# #..# ## #.#
#..# #.#
##.############
#.#
#.@..........#
#.#
#Y##.#######.#
#.# #.##.# #.#
#.# #.##.# #.#
#.# #.##.# #.#
#.#####.##.#
#.######
#.......##.#
#...†...
##########.#
#######. #.# #.


You could see an ice beast.

Vanquished Creatures
  Duvessa (D:4)
  A big kobold (D:3)
  Dowan (D:4)
  2 howler monkeys (D:4)
  A crimson imp (D:5)
  2 hounds
  A bullfrog skeleton (D:4)
  An orc wizard (D:4)
  An iguana (D:4)
  4 adders
  2 adder skeletons
  2 worms (D:2)
  3 dart slugs
  3 leopard geckos
  6 orcs
  6 giant cockroaches
  6 goblins
  A hobgoblin (D:1)
  3 jackals (D:5)
  3 kobolds
  3 quokkas
  2 ball pythons
  8 bats
  A frilled lizard (D:1)
  A leopard gecko skeleton (D:5)
  A quokka skeleton (D:5)
  8 rats
74 creatures vanquished.

Notes
Turn   | Place    | Note
-------+----------+-------------------------------------------
     0 | D:1      | Delamore the Hill Orc Fighter began the quest for the Orb.
     0 | D:1      | Reached XP level 1. HP: 19/19 MP: 1/1
    65 | D:1      | You fall into a shaft and drop 1 floor!
    79 | D:2      | Reached skill level 3 in Axes
   134 | D:1      | Reached XP level 2. HP: 18/26 MP: 2/2
   167 | D:1      | Reached skill level 4 in Axes
   578 | D:1      | Reached XP level 3. HP: 31/31 MP: 3/3
   964 | D:2      | Reached skill level 5 in Axes
  1191 | D:2      | Found a glowing silver altar of Zin.
  1397 | D:2      | Found a shattered altar of Ashenzari.
  1400 | D:2      | Reached XP level 4. HP: 38/39 MP: 4/4
  1638 | D:3      | Noticed a big kobold
  1656 | D:3      | Killed a big kobold
  1656 | D:3      | Reached skill level 6 in Axes
  1656 | D:3      | Reached XP level 5. HP: 25/45 MP: 5/5
  1928 | D:3      | Reached skill level 7 in Axes
  2169 | D:3      | Found a glowing golden altar of the Shining One.
  2175 | D:3      | Found an iron altar of Okawaru.
  2433 | D:4      | Noticed Duvessa
  2435 | D:4      | Noticed Dowan
  2891 | D:4      | Killed Duvessa
  2891 | D:4      | Reached skill level 8 in Axes
  2891 | D:4      | Reached XP level 6. HP: 42/51 MP: 6/6
  2922 | D:4      | Killed Dowan
  2998 | D:4      | Reached skill level 9 in Axes
  3047 | D:4      | Found a snail-covered altar of Cheibriados.
  3201 | D:4      | Reached XP level 7. HP: 57/57 MP: 7/7
  3360 | D:4      | Reached skill level 10 in Axes
  3503 | D:5      | Entered Level 5 of the Dungeon
  3731 | D:4      | Slain by an ice beast

Levels and vault maps discovered:
D:1:      dpeg_arrival_central, layout_basic, nrook_loot_triangle,
          minmay_quantized
D:2:      layout_basic, old_standard_altar, lemuel_crystal_altar, first_ration,
          serial_park_tiny_2, minmay_ruptured
D:3:      layout_loops_ring, minitemple
D:4:      layout_basic, nicolae_overflow_hidden_temple, uniq_duvessa
D:5:      layout_gridville, uniq_prince_ribbit1

Skill      XL: |  1  2  3  4  5  6  7 |
---------------+----------------------+-----
Axes           | 3 4 5 6 8 9 10 | 10.4
Fighting       | |  3.6
Armour         | |  3.2
Shields        | |  3.2

Action                   |  1- 3 |  4- 6 |  7- 9 || total
-------------------------+-------+-------+-------++-------
Melee: War axe           |   115 |   150 |    56 ||   321
  Use: Scroll            |       |     5 |       ||     5
       Potion            |       |       |     1 ||     1
  Eat: Chunk             |     2 |     6 |     1 ||     9
Armor: Scale mail        |    62 |    64 |    20 ||   146
Dodge: Dodged            |    34 |    47 |    10 ||    91
Block: Shield            |    60 |    69 |    18 ||   147
